TOP OF THE 1ST |
New York Mets batting - Pitching for Cincinnati Reds : RHP Bryce Schimmoeller
|
Pitching: RHP Bryce Schimmoeller
|
|
Batting: SHB Nelle van den Berg
|
0-0: Ball 1-0: Ball 2-0: Foul Ball, location: 2F 2-1: Foul Ball, location: 2F 2-2: Foul Ball, location: 2F 2-2: Ground out U3 (Groundball, 3, EV 103.1 MPH)
|
Batting: SHB Gus Berry
|
0-0: Ball 1-0: Ball 2-0: Ball 3-0: Called Strike 3-1: Base on Balls
|
Batting: SHB Sean Cook
|
0-0: Ball 1-0: Foul Ball, location: 2F 1-1: Swinging Strike 1-2: Foul Ball, location: 2F 1-2: Ball 2-2: Strikes out swinging
|
Batting: SHB Harry Hoop
|
0-0: Swinging Strike 0-1: Ball 1-1: Ball 2-1: Foul Ball, location: 2F 2-2: Strikes out swinging
|
Top of the 1st over - 0 runs, 0 hits, 0 errors, 1 left on base; New York 0 - Cincinnati 0 |
BOTTOM OF THE 1ST |
Cincinnati Reds batting - Pitching for New York Mets : LHP Jose Vega
|
Pitching: LHP Jose Vega
|
|
Batting: RHB Willie Lazcano
|
0-0: Ball 1-0: Ball 2-0: Ball 3-0: Called Strike 3-1: Foul Ball, location: 2F 3-2: Fly out, F9 (Line Drive, 9, EV 89.4 MPH)
|
Batting: LHB Sean Geisler
|
0-0: Fly out, F9 (Flyball, 9S, EV 96.3 MPH)
|
Batting: LHB Jon Ledesma
|
0-0: Called Strike 0-1: Ball 1-1: Ball 2-1: Ball 3-1: SINGLE (Groundball, 34D, EV 106.9 MPH) (infield hit)
|
Batting: SHB Saulo Maina
|
0-0: Ball 1-0: Called Strike 1-1: Ball 2-1: Foul Ball, location: 2F 2-2: 2-RUN HOME RUN (Flyball, 7D, EV 99.4 MPH), Distance : 388 ft
|
Batting: RHB Fred Slade
|
0-0: Swinging Strike 0-1: Ball 1-1: Ball 2-1: Ground out 6-3 (Groundball, 6, EV 85.6 MPH)
|
Bottom of the 1st over - 2 runs, 2 hits, 0 errors, 0 left on base; New York 0 - Cincinnati 2 |
TOP OF THE 2ND |
New York Mets batting - Pitching for Cincinnati Reds : RHP Bryce Schimmoeller
|
Batting: LHB Kevin Bellman
|
0-0: Ball 1-0: Foul Ball, location: 2F 1-1: Ball 2-1: Foul Ball, location: 2F 2-2: Ball 3-2: Foul Ball, location: 2F 3-2: SINGLE (Flyball, 78S, EV 100.0 MPH)
|
Batting: SHB Jonathan Jenkins
|
0-0: Swinging Strike 0-1: Ball 1-1: Ball Wild Pitch! Kevin Bellman to second 2-1: Called Strike 2-2: Ball 3-2: Fly out, F8 (Line Drive, 8LD, EV 98.8 MPH)
|
Batting: RHB Jeff Jank
|
0-0: Ball 1-0: Ball 2-0: Fly out, F9 (Flyball, 9LM, EV 78.8 MPH)
|
Batting: RHB Jesus Chavez
|
0-0: Called Strike 0-1: Foul Ball, location: 2F 0-2: Foul Ball, location: 2F 0-2: Ball 1-2: Strikes out looking
|
Top of the 2nd over - 0 runs, 1 hit, 0 errors, 1 left on base; New York 0 - Cincinnati 2 |
BOTTOM OF THE 2ND |
Cincinnati Reds batting - Pitching for New York Mets : LHP Jose Vega
|
Batting: RHB Joseph Kirchmann
|
0-0: Foul Ball, location: 2F 0-1: Called Strike 0-2: Ball 1-2: Ball 2-2: SINGLE (Groundball, 34D, EV 96.9 MPH)
|
Batting: SHB Dave Barefoot
|
0-0: Ball 1-0: Ball 2-0: SINGLE (Line Drive, 8LS, EV 91.9 MPH) Joseph Kirchmann to second Runner from 2nd tries for 3rd, SAFE, no throw by CF
|
Batting: LHB Jesus Lozano
|
0-0: Ball 1-0: Called Strike 1-1: Ball 2-1: Ball 3-1: Foul Ball, location: 2F 3-2: Grounds out, U3 (Groundball, 3L, EV 80.6 MPH) Joseph Kirchmann scores
|
Batting: RHB Omar Quintana
|
0-0: Called Strike Dave Barefoot steals 3rd base 0-1: Called Strike 0-2: Foul Ball, location: 2F 0-2: Foul Ball, location: 2F 0-2: DOUBLE (Groundball, 5L, EV 108.8 MPH) Dave Barefoot scores
|
Batting: RHB Willie Lazcano
|
0-0: Ball 1-0: Ball 2-0: Foul Ball, location: 2F 2-1: Called Strike 2-2: Strikes out swinging
|
Batting: LHB Sean Geisler
|
0-0: Ball 1-0: Ground out 4-3 (Groundball, 4, EV 85.6 MPH)
|
Bottom of the 2nd over - 2 runs, 3 hits, 0 errors, 1 left on base; New York 0 - Cincinnati 4 |
TOP OF THE 3RD |
New York Mets batting - Pitching for Cincinnati Reds : RHP Bryce Schimmoeller
|
Batting: LHB Sal Fernandez
|
0-0: Ball 1-0: Ball 2-0: Ground out 4-3 (Groundball, 13, EV 86.3 MPH)
|
Batting: SHB Nelle van den Berg
|
0-0: Swinging Strike 0-1: Ball 1-1: Foul Ball, location: 2F 1-2: Foul Ball, location: 2F 1-2: Ball 2-2: Strikes out swinging
|
Batting: SHB Gus Berry
|
0-0: Called Strike 0-1: Fly out, F7 (Flyball, 78M, EV 84.4 MPH)
|
Top of the 3rd over - 0 runs, 0 hits, 0 errors, 0 left on base; New York 0 - Cincinnati 4 |
BOTTOM OF THE 3RD |
Cincinnati Reds batting - Pitching for New York Mets : LHP Jose Vega
|
Batting: LHB Jon Ledesma
|
0-0: Fly out, F9 (Line Drive, 9, EV 97.5 MPH)
|
Batting: SHB Saulo Maina
|
0-0: Ball 1-0: Fly out, F7 (Flyball, 78M, EV 89.4 MPH)
|
Batting: RHB Fred Slade
|
0-0: Called Strike 0-1: Foul Ball, location: 2F 0-2: Ball 1-2: Ball 2-2: Ball 3-2: DOUBLE (Line Drive, 78D, EV 105.0 MPH)
|
Batting: RHB Joseph Kirchmann
|
0-0: Swinging Strike 0-1: Ball 1-1: Fly out, F9 (Flyball, 89S, EV 75.6 MPH)
|
Bottom of the 3rd over - 0 runs, 1 hit, 0 errors, 1 left on base; New York 0 - Cincinnati 4 |
TOP OF THE 4TH |
New York Mets batting - Pitching for Cincinnati Reds : RHP Bryce Schimmoeller
|
Batting: SHB Sean Cook
|
0-0: Ball 1-0: Fly out, F9 (Flyball, 9LS, EV 83.1 MPH)
|
Batting: SHB Harry Hoop
|
0-0: Ball 1-0: Ball 2-0: Called Strike 2-1: Fly out, F7 (Flyball, 7LS, EV 85.0 MPH)
|
Batting: LHB Kevin Bellman
|
0-0: Foul Ball, location: 2F 0-1: Ball 1-1: Fly out, F7 (Flyball, 7, EV 94.4 MPH)
|
Top of the 4th over - 0 runs, 0 hits, 0 errors, 0 left on base; New York 0 - Cincinnati 4 |
BOTTOM OF THE 4TH |
Cincinnati Reds batting - Pitching for New York Mets : LHP Jose Vega
|
Batting: SHB Dave Barefoot
|
0-0: Swinging Strike 0-1: Ball 1-1: Called Strike 1-2: Strikes out swinging
|
Batting: LHB Jesus Lozano
|
0-0: Ball 1-0: Called Strike 1-1: Ball 2-1: Ground out 6-3 (Groundball, 6, EV 91.9 MPH)
|
Batting: RHB Omar Quintana
|
0-0: Ball 1-0: Foul Ball, location: 2F 1-1: Called Strike 1-2: Ball 2-2: Foul Ball, location: 2F 2-2: Fly out, F9 (Line Drive, 9, EV 91.3 MPH)
|
Bottom of the 4th over - 0 runs, 0 hits, 0 errors, 0 left on base; New York 0 - Cincinnati 4 |
TOP OF THE 5TH |
New York Mets batting - Pitching for Cincinnati Reds : RHP Bryce Schimmoeller
|
Batting: SHB Jonathan Jenkins
|
0-0: Foul Ball, location: 2F 0-1: Ball 1-1: DOUBLE (Line Drive, 78M, EV 101.3 MPH)
|
Batting: RHB Jeff Jank
|
0-0: Ball 1-0: Fly out, F9 (Flyball, 89S, EV 95.0 MPH)
|
Batting: RHB Jesus Chavez
|
0-0: DOUBLE (Line Drive, 78D, EV 109.4 MPH) Jonathan Jenkins scores
|
Batting: LHB Sal Fernandez
|
0-0: Called Strike 0-1: Ball 1-1: Ball 2-1: SINGLE (Groundball, 34D, EV 98.8 MPH) Jesus Chavez to third Runner from 3rd tries for Home, SAFE, throw by RF to home
|
Batting: SHB Nelle van den Berg
|
Pickoff Throw to First - Error! E1 Sal Fernandez to second 0-0: Ball 1-0: Ball 2-0: Ball 3-0: Base on Balls
|
Batting: SHB Gus Berry
|
0-0: Ball 1-0: Called Strike 1-1: Ball 2-1: Called Strike 2-2: Foul Ball, location: 2F 2-2: Strikes out swinging
|
Batting: SHB Sean Cook
|
0-0: Foul Ball, location: 2F 0-1: Foul Ball, location: 2F 0-2: Foul Ball, location: 2F 0-2: SINGLE (Flyball, 4D, EV 90.0 MPH) Sal Fernandez to third Nelle van den Berg to second Runner from 3rd tries for Home, throw by RF and OUT! 9-2
|
Top of the 5th over - 2 runs, 4 hits, 1 error, 2 left on base; New York 2 - Cincinnati 4 |
BOTTOM OF THE 5TH |
Cincinnati Reds batting - Pitching for New York Mets : LHP Jose Vega
|
Batting: RHB Willie Lazcano
|
0-0: Ball 1-0: Ground out 4-3 (Groundball, 4, EV 81.9 MPH)
|
Batting: LHB Sean Geisler
|
0-0: Called Strike 0-1: Ball 1-1: Called Strike 1-2: Strikes out swinging
|
Batting: LHB Jon Ledesma
|
0-0: Called Strike 0-1: Called Strike 0-2: Foul Ball, location: 2F 0-2: Strikes out swinging
|
Bottom of the 5th over - 0 runs, 0 hits, 0 errors, 0 left on base; New York 2 - Cincinnati 4 |
TOP OF THE 6TH |
New York Mets batting - Pitching for Cincinnati Reds : RHP Bryce Schimmoeller
|
Batting: SHB Harry Hoop
|
0-0: Called Strike 0-1: Ball 1-1: Ball 2-1: Called Strike 2-2: Ball 3-2: Base on Balls
|
Batting: LHB Kevin Bellman
|
0-0: Swinging Strike 0-1: Foul Ball, location: 2F 0-2: Strikes out swinging
|
Batting: SHB Jonathan Jenkins
|
0-0: 2-RUN HOME RUN (Flyball, 9D, EV 100.6 MPH), Distance : 384 ft
|
Batting: RHB Jeff Jank
|
0-0: Ball 1-0: Ball 2-0: Ball 3-0: Base on Balls
|
Batting: RHB Jesus Chavez
|
0-0: Ball 1-0: Called Strike Jeff Jank steals 2nd base 1-1: Intentional Walk
|
Batting: LHB Sal Fernandez
|
0-0: Ball 1-0: Swinging Strike 1-1: Ball 2-1: Foul Ball, location: 2F 2-2: Foul Ball, location: 2F 2-2: Ball 3-2: Foul Ball, location: 2F 3-2: Strikes out swinging
|
Pitching: LHP David James
|
|
Batting: SHB Nelle van den Berg
|
0-0: Called Strike 0-1: Ball 1-1: Swinging Strike 1-2: Ball 2-2: Fielders Choice at 2nd, 6-4 (Groundball, 6, EV 82.5 MPH)
|
Top of the 6th over - 2 runs, 1 hit, 0 errors, 2 left on base; New York 4 - Cincinnati 4 |
BOTTOM OF THE 6TH |
Cincinnati Reds batting - Pitching for New York Mets : LHP Jose Vega
|
Pitching: LHP Chris Thurner
|
|
Batting: SHB Saulo Maina
|
0-0: Called Strike 0-1: Ball 1-1: Swinging Strike 1-2: Strikes out looking
|
Batting: RHB Fred Slade
|
0-0: DOUBLE (Line Drive, 3D, EV 103.1 MPH)
|
Batting: RHB Joseph Kirchmann
|
0-0: Called Strike 0-1: Hit by Pitch
|
Batting: SHB Dave Barefoot
|
0-0: Called Strike 0-1: Fly out, F4 (Popup, 4MD, EV 70.6 MPH)
|
Batting: LHB Jesus Lozano
|
0-0: Ground out 4-3 (Groundball, 4, EV 83.1 MPH)
|
Bottom of the 6th over - 0 runs, 1 hit, 0 errors, 2 left on base; New York 4 - Cincinnati 4 |
TOP OF THE 7TH |
New York Mets batting - Pitching for Cincinnati Reds : LHP David James
|
Batting: SHB Gus Berry
|
0-0: Ball 1-0: Ball 2-0: Foul Ball, location: 2F 2-1: Foul Ball, location: 2F 2-2: Ball 3-2: Base on Balls
|
Batting: SHB Sean Cook
|
0-0: Called Strike 0-1: Ball 1-1: Foul Ball, location: 2F 1-2: Strikes out swinging
|
Batting: SHB Harry Hoop
|
0-0: Ball 1-0: Ball 2-0: Swinging Strike 2-1: Called Strike 2-2: Foul Ball, location: 2F 2-2: Foul Ball, location: 2F 2-2: Strikes out looking
|
Batting: LHB Kevin Bellman
|
0-0: Ball 1-0: Ball 2-0: Swinging Strike 2-1: Ball 3-1: Fly out, F8 (Flyball, 89M, EV 90.0 MPH)
|
Top of the 7th over - 0 runs, 0 hits, 0 errors, 1 left on base; New York 4 - Cincinnati 4 |
BOTTOM OF THE 7TH |
Cincinnati Reds batting - Pitching for New York Mets : LHP Chris Thurner
|
Pitching: LHP Xu-gang Zhou
|
|
Batting: RHB Omar Quintana
|
0-0: Ball 1-0: Ground out 6-3 (Groundball, 6, EV 81.9 MPH)
|
Batting: RHB Willie Lazcano
|
0-0: Ball 1-0: Ball 2-0: Ball 3-0: Base on Balls
|
Batting: LHB Sean Geisler
|
0-0: Foul Ball, location: 2F 0-1: Ball 1-1: Ball 2-1: Called Strike 2-2: SINGLE (Groundball, 3D, EV 110.0 MPH) Willie Lazcano to second Willie Lazcano to third
|
Batting: LHB Jon Ledesma
|
0-0: Called Strike 0-1: Ball 1-1: Swinging Strike 1-2: Strikes out looking Sean Geisler steals 2nd base (no throw) Batter strikes out.
|
Batting: SHB Saulo Maina
|
0-0: Foul Ball, location: 2F 0-1: Called Strike 0-2: Ball 1-2: Foul Ball, location: 2F 1-2: Fly out, F3 (Popup, 3S, EV 84.4 MPH)
|
Bottom of the 7th over - 0 runs, 1 hit, 0 errors, 2 left on base; New York 4 - Cincinnati 4 |
TOP OF THE 8TH |
New York Mets batting - Pitching for Cincinnati Reds : LHP David James
|
Pitching: RHP Gwidon Kaminski
|
|
Batting: SHB Jonathan Jenkins
|
0-0: Ball 1-0: Ball 2-0: Ball 3-0: Called Strike 3-1: Foul Ball, location: 2F 3-2: Foul Ball, location: 2F 3-2: Foul Ball, location: 2F 3-2: Foul Ball, location: 2F 3-2: Base on Balls
|
Batting: RHB Jeff Jank
|
0-0: Ball 1-0: Bunted foul 1-1: Sac Bunt to P - play at first, batter safe! Jonathan Jenkins to second
|
Batting: RHB Jesus Chavez
|
0-0: Called Strike 0-1: Ball 1-1: Ball 2-1: 3-RUN HOME RUN (Flyball, 7D, EV 95.6 MPH), Distance : 382 ft
|
Pitching: RHP Timmy John Aaron-Lee Frank Silveira
|
|
Batting: LHB Sal Fernandez
|
0-0: Called Strike 0-1: SINGLE (Groundball, 4D, EV 94.4 MPH)
|
Batting: SHB Nelle van den Berg
|
0-0: Ball 1-0: Ball 2-0: Ball 3-0: Called Strike 3-1: Foul Ball, location: 2F 3-2: Strikes out looking
|
Batting: SHB Gus Berry
|
0-0: Ball 1-0: Ball Sal Fernandez is caught stealing 2nd base 2-6 2-0: DOUBLE (Groundball, 3L, EV 104.4 MPH)
|
Batting: SHB Sean Cook
|
0-0: Ball 1-0: Called Strike 1-1: Foul Ball, location: 2F 1-2: Strikes out looking
|
Top of the 8th over - 3 runs, 4 hits, 0 errors, 1 left on base; New York 7 - Cincinnati 4 |
BOTTOM OF THE 8TH |
Cincinnati Reds batting - Pitching for New York Mets : LHP Xu-gang Zhou
|
Pitching: RHP Ron Hawkins
|
|
Batting: RHB Fred Slade
|
0-0: Ball 1-0: Fly out, F9 (Line Drive, 9D, EV 90.6 MPH)
|
Batting: RHB Joseph Kirchmann
|
0-0: Ball 1-0: Swinging Strike 1-1: Foul Ball, location: 2F 1-2: Ball 2-2: Strikes out swinging
|
Batting: SHB Dave Barefoot
|
0-0: Ball 1-0: Ball 2-0: Fly out, F9 (Flyball, 9, EV 86.3 MPH)
|
Bottom of the 8th over - 0 runs, 0 hits, 0 errors, 0 left on base; New York 7 - Cincinnati 4 |
TOP OF THE 9TH |
New York Mets batting - Pitching for Cincinnati Reds : RHP Timmy John Aaron-Lee Frank Silveira
|
Batting: SHB Harry Hoop
|
0-0: Ball 1-0: Called Strike 1-1: Ball 2-1: Called Strike 2-2: Strikes out swinging
|
Batting: LHB Kevin Bellman
|
0-0: Ball 1-0: Ball 2-0: Called Strike 2-1: Ball 3-1: Base on Balls
|
Batting: SHB Jonathan Jenkins
|
0-0: Ball 1-0: Called Strike Kevin Bellman steals 2nd base (no throw) 1-1: Intentional Walk
|
Batting: RHB Jeff Jank
|
0-0: Foul Ball, location: 2F 0-1: Ball 1-1: Ball 2-1: Fly out, F8 (Flyball, 8LXD, EV 91.3 MPH) Runner from 2nd tags up, SAFE at 3rd, no throw by CF
|
Batting: RHB Jesus Chavez
|
0-0: Ball 1-0: DOUBLE (Line Drive, 5D, EV 96.3 MPH) Kevin Bellman scores Jonathan Jenkins to third Runner from 3rd tries for Home, SAFE, throw by LF to home
|
Batting: LHB Sal Fernandez
|
0-0: Called Strike 0-1: Called Strike 0-2: Ball 1-2: Strikes out swinging
|
Top of the 9th over - 2 runs, 1 hit, 0 errors, 1 left on base; New York 9 - Cincinnati 4 |
BOTTOM OF THE 9TH |
Cincinnati Reds batting - Pitching for New York Mets : RHP Ron Hawkins
|
Batting: LHB Jesus Lozano
|
0-0: Ball 1-0: Foul Ball, location: 2F 1-1: Called Strike 1-2: Strikes out swinging
|
Batting: RHB Omar Quintana
|
0-0: Called Strike 0-1: Ground out 4-3 (Groundball, 34, EV 83.8 MPH)
|
Batting: RHB Willie Lazcano
|
0-0: Called Strike 0-1: Fly out, F9 (Flyball, 9LM, EV 100.0 MPH)
|
Bottom of the 9th over - 0 runs, 0 hits, 0 errors, 0 left on base; New York 9 - Cincinnati 4 |
|